Map: Blackburn LE

Players

MarineLorD - Winner!

  • Race: Terran Terran
  • League: Master

MaxPax

  • Race: Protoss Protoss

Event: DreamHack SC2 Masters 2021 Winter

VOD

Have the link to the VOD?

Description

Time

  • Played on: Oct. 16, 2021, 9:44 a.m.
  • Length: 17:39

All games in this series

Show
View Real Time Build Order
Export as new Build Order

MarineLorD Terran - Winner!

Build Orders:  

Get SALT Encoding   

  12  0:00  SCV  
  13  0:12  SCV  
  14  0:17  Supply Depot  
  14  0:24  SCV  
  15  0:38  SCV  
  15  0:39  Barracks  
  16  0:43  Refinery  
  16  0:50  SCV  
  17  1:02  SCV  
  18  1:14  SCV  
  19  1:28  Barracks Reactor  
  19  1:29  Orbital Command  
  19  1:46  Command Center  
  19  1:54  Supply Depot  
  19  1:55  SCV  
  20  2:05  Factory  
  20  2:06  Marine  
  21  2:10  Marine  
  21  2:12  SCV  
  23  2:24  SCV, Marine  
  23  2:27  Bunker, Marine  
  26  2:32  Refinery  
  26  2:36  SCV  
  27  2:48  SCV  
  27  2:49  Starport  
  28  2:56  Widow Mine  
  28  2:58  Widow Mine  
  33  3:03  Orbital Command  
  32  3:07  SCV  
  33  3:17  Widow Mine  
  33  3:19  Widow Mine, SCV  
  37  3:26  Medivac  
  39  3:29  Supply Depot  
  39  3:30  SCV  
  39  3:31  SCV  
  41  3:35  Barracks Tech Lab  
  41  3:40  Supply Depot  
  41  3:42  SCV  
  41  3:43  SCV  
  43  3:51  Supply Depot  
  43  3:55  SCV x2  
  44  3:59  Starport Tech Lab  
  44  4:00  Marine  
  44  4:01  Marine  
  47  4:04  Cyclone  
  47  4:07  SCV  
  47  4:08  SCV  
  52  4:18  Marine x2  
  52  4:19  SCV  
  55  4:29  Raven  
  55  4:30  SCV  
  58  4:31  SCV  
  58  4:36  Refinery, Marine x2  
  61  4:45  SCV x2  
  63  4:48  Command Center  
  63  4:52  Siege Tank  
  66  4:54  Marine x2  
  66  4:57  SCV x2  
  70  5:09  Barracks  
  70  5:11  Barracks  
  70  5:13  Supply Depot  
  70  5:19  SCV x2  
  72  5:29  Marine  
  72  5:31  SCV x2  
  72  5:38  Engineering Bay  
  72  5:39  Refinery  
  72  5:40  Engineering Bay  
  72  5:43  SCV x2, Marine  
  72  5:44  Siege Tank  
  72  5:46  Marine  
  79  5:55  SCV x2  
  81  6:02  Barracks x2  
  81  6:05  Barracks Tech Lab  
  81  6:07  Orbital Command  
  80  6:12  Stimpack  
  80  6:18  SCV x2  
  82  6:22  Starport Reactor  
  82  6:25  Terran Infantry Weapons Level 1, Terran Infantry Armor Level 1  
  82  6:27  Marauder x2  
  82  6:28  Marine  
  82  6:29  Marine  
  82  6:30  SCV x2, Factory Reactor  
  90  6:35  Combat Shield  
  90  6:42  SCV  
  90  6:44  Supply Depot, SCV  
  90  6:45  Supply Depot  
  90  6:46  Marine  
  93  6:48  Marauder  
  93  6:49  Marauder  
  93  6:51  Orbital Command  
  97  6:54  SCV  
  97  6:56  SCV  
  97  7:00  Barracks Tech Lab, Barracks Reactor  
  97  7:01  Marine  
  100  7:07  SCV  
  100  7:08  Supply Depot, SCV  
  98  7:09  Supply Depot  
  98  7:10  Marauder, Supply Depot  
  98  7:12  Marauder, Marine  
  104  7:18  Marine  
  104  7:19  SCV  
  104  7:21  SCV x2  
  104  7:22  Armory  
  108  7:24  Marauder  
  108  7:29  Marine  
  110  7:32  SCV  
  110  7:33  SCV x2  
  118  7:37  Marauder x2, Marine x3  
  118  7:44  SCV  
  120  7:45  SCV x2  
  120  7:46  Marauder, Supply Depot  
  120  7:47  Supply Depot  
  120  7:48  Supply Depot, Concussive Shells  
  124  7:58  Marauder x2, SCV x2  
  120  7:59  Marine x2  
  121  8:05  SCV  
  121  8:07  Marauder, Marine  
  121  8:09  Marine  
  121  8:10  SCV  
  116  8:14  SCV  
  116  8:15  Widow Mine  
  116  8:16  Widow Mine, Marine x2  
  122  8:20  Marauder x2  
  122  8:24  Marine  
  122  8:26  Medivac x2, Marine  
  128  8:27  SCV x2  
  128  8:28  Marauder  
  128  8:34  Marine  
  128  8:38  SCV  
  128  8:39  SCV x2  
  128  8:41  Marauder x2  
  136  8:43  Terran Infantry Weapons Level 2, Terran Infantry Armor Level 2  
  136  8:47  Refinery  
  136  8:50  Terran Ship Weapons Level 1, Refinery  
  136  8:53  Ghost Academy  
  136  8:56  Supply Depot  
  136  8:59  Supply Depot  
  136  9:05  Medivac x2  
  136  9:09  Widow Mine x2  
  144  9:11  Marauder x2, Marine  
  144  9:15  Marine  
  144  9:16  Marauder  
  152  9:21  Marine  
  152  9:27  Marine  
  152  9:29  SCV x2  
  151  9:32  Marauder x2, Marine  
  151  9:33  Marine  
  151  9:35  SCV  
  151  9:37  Marauder  
  157  9:38  Marine  
  157  9:41  SCV  
  157  9:45  Marine  
  156  9:49  Marine  
  156  9:51  Marine  
  152  9:53  Viking  
  152  9:54  Marauder x2  
  152  9:56  Marine  
  152  9:58  Marauder  
  159  10:07  Marine x2  
  142  10:09  Marine  
  135  10:14  Marine  
  135  10:15  Marauder x2  
  135  10:19  Medivac, Marine  
  133  10:23  Medivac  
  133  10:24  Marine  
  133  10:31  Command Center  
  133  10:33  Missile Turret  
  133  10:35  Marine  
  130  10:36  Marauder x2  
  130  10:40  Missile Turret  
  132  10:46  Marauder  
  132  10:47  Marine x2  
  136  10:51  Medivac  
  136  10:53  Medivac  
  140  11:01  Ghost  
  140  11:03  Marine  
  143  11:06  Marine  
  143  11:08  SCV  
  143  11:10  Supply Depot  
  145  11:16  Marine x2  
  145  11:18  SCV x2  
  149  11:20  Ghost x2  
  153  11:27  Liberator x2  
  153  11:31  Ghost  
  153  11:32  Marine  
  161  11:34  Marine  
  163  11:43  SCV  
  163  11:46  Terran Ship Weapons Level 2, Terran Infantry Weapons Level 3  
  163  11:55  Missile Turret, Ghost  
  163  11:56  Marine x3  
  168  12:03  Marauder, Marine x2  
  168  12:04  SCV x2  
  167  12:10  SCV  
  167  12:13  Marine  
  167  12:14  Marine x2  
  159  12:16  SCV x2  
  159  12:20  Marine  
  159  12:21  Marine  
  160  12:23  SCV  
  160  12:24  Marauder, Marine  
  160  12:29  Planetary Fortress  
  164  12:31  Marine x2  
  164  12:33  Missile Turret  
  164  12:39  Marauder  
  164  12:40  Marine x2  
  164  12:42  Marauder  
  168  12:50  Marauder, Marine x2  
  158  12:56  Command Center  
  158  12:57  Marine  
  154  13:02  Marine  
  154  13:03  Marauder  
  128  13:06  Marauder  
  128  13:08  Marine  
  128  13:11  Marine  
  128  13:12  Marauder  
  125  13:15  SCV x3, Marine  
  129  13:20  Marine  
  129  13:22  Barracks x2  
  129  13:25  Barracks  
  129  13:26  Marine  
  132  13:28  Marauder  
  132  13:34  Marine x2  
  137  13:37  Liberator  
  137  13:39  Liberator  
  137  13:41  Missile Turret, Enhanced Shockwaves  
  140  13:44  Marine  
  140  13:47  Marauder, Marine x2  
  145  13:49  Marine  
  146  13:56  Marine x2  
  146  14:02  Marine  
  148  14:05  Marauder, Marine  
  148  14:07  Marauder  
  148  14:09  Marauder  
  155  14:14  Marine  
  156  14:17  Missile Turret, Marine x3  
  156  14:18  Marauder  
  156  14:20  Liberator, Marine  
  156  14:21  Liberator  
  156  14:22  Fusion Core, Marine  
  156  14:24  SCV x2  
  171  14:25  SCV  
  171  14:27  Marauder  
  171  14:29  Marauder, Marine  
  177  14:31  Marine  
  177  14:37  Marine  
  179  14:39  Marauder, Marine  
  179  14:42  Marine  
  182  14:48  Marauder x2  
  182  14:50  Marauder  
  188  14:56  Marine  
  185  15:00  Marauder  
  185  15:03  Liberator, Missile Turret  
  185  15:04  Liberator, Marine x2  
  185  15:05  Planetary Fortress  
  195  15:07  SCV x3  
  195  15:09  Marauder  
  195  15:10  Marauder  
  195  15:13  Marine  
  195  15:49  Marine  
  181  15:50  Marauder  
  181  15:56  Marauder, Marine x3  
  181  15:57  Marauder x2  
  177  15:58  Liberator x2  
  183  16:11  Marauder, Marine x3  
  184  16:14  Marine x2  
  184  16:18  Marauder x3  
  181  16:20  Marine  
  163  16:29  Marine x3  
  163  16:32  Marauder  
  163  16:39  Marauder x3  
  163  16:41  Liberator x2  
  163  16:54  Marauder  
Show
View Real Time Build Order
Export as new Build Order

MaxPax Protoss 

Build Orders: 1 Gate Expand, Blink Stalkers 

Get SALT Encoding   

  12  0:00  Probe  
  13  0:13  Probe  
  14  0:17  Pylon  
  14  0:26  Probe (Chrono Boost)  
  15  0:38  Gateway, Probe (Chrono Boost)  
  16  0:45  Probe (Chrono Boost)  
  16  0:49  Assimilator  
  17  0:52  Probe  
  18  1:04  Probe  
  19  1:16  Probe  
  20  1:26  Nexus  
  20  1:38  Cybernetics Core  
  20  1:39  Probe  
  21  1:48  Assimilator  
  21  1:51  Probe  
  22  2:00  Pylon  
  22  2:03  Probe  
  23  2:14  Warp Gate  
  23  2:15  Adept (Chrono Boost)  
  23  2:18  Probe  
  26  2:27  Twilight Council  
  26  2:30  Probe  
  26  2:32  Shield Battery  
  27  2:38  Probe (Chrono Boost)  
  27  2:40  Stalker  
  31  2:47  Probe (Chrono Boost)  
  31  2:50  Probe (Chrono Boost)  
  32  2:55  Probe (Chrono Boost)  
  32  2:56  Probe (Chrono Boost)  
  34  3:00  Gateway  
  34  3:03  Blink (Chrono Boost)  
  34  3:05  Probe  
  35  3:08  Probe  
  36  3:17  Probe  
  37  3:20  Probe  
  37  3:25  Robotics Facility  
  38  3:29  Probe  
  38  3:32  Probe  
  40  3:34  Gateway  
  40  3:41  Gateway  
  40  3:42  Probe  
  40  3:45  Probe  
  40  3:47  Pylon  
  42  3:54  Probe  
  43  4:00  Probe  
  43  4:02  Stalker  
  46  4:06  Stalker  
  49  4:14  Warp Prism (Chrono Boost)  
  51  4:17  Assimilator  
  50  4:28  Stalker  
  50  4:29  Stalker  
  54  4:32  Pylon  
  54  4:33  Pylon  
  54  4:42  Pylon  
  54  4:43  Assimilator  
  54  4:50  Probe x2  
  54  4:51  Observer  
  57  4:53  Stalker x2  
  57  4:54  Stalker x2  
  65  5:07  Nexus  
  65  5:09  Probe  
  65  5:10  Probe  
  67  5:34  Probe  
  62  5:40  Stalker, Robotics Bay  
  62  5:42  Stalker, Forge  
  64  5:43  Stalker x2  
  64  5:44  Charge, Pylon  
  64  5:46  Probe  
  71  5:50  Probe  
  71  5:58  Probe  
  71  6:01  Immortal (Chrono Boost)  
  71  6:02  Probe  
  77  6:10  Probe  
  78  6:14  Probe  
  79  6:20  Probe  
  79  6:23  Probe  
  79  6:24  Protoss Ground Weapons Level 1, Pylon  
  81  6:27  Probe  
  81  6:29  Colossus (Chrono Boost)  
  81  6:30  Shield Battery  
  81  6:32  Probe  
  89  6:41  Extended Thermal Lance, Probe  
  89  6:44  Zealot x3  
  96  6:50  Gateway  
  96  6:51  Gateway  
  96  6:53  Probe x2  
  98  6:54  Probe  
  98  6:57  Sentry  
  101  7:02  Gateway  
  101  7:08  Probe  
  102  7:10  Zealot x3  
  102  7:14  Gateway  
  108  7:18  Pylon  
  108  7:34  Stalker x2  
  108  7:35  Colossus (Chrono Boost)  
  114  7:40  Stalker x2  
  105  8:06  Zealot x7  
  95  8:20  Probe x2  
  95  8:23  Probe  
  95  8:26  Observer (Chrono Boost)  
  99  8:32  Probe  
  99  8:33  Probe  
  98  8:39  Dark Shrine  
  98  8:40  Zealot x2  
  98  8:41  Zealot x6  
  108  8:42  Photon Cannon  
  108  8:44  Photon Cannon  
  108  8:46  Photon Cannon  
  114  8:58  Pylon  
  114  9:00  Pylon  
  114  9:03  Pylon  
  114  9:07  Pylon  
  114  9:10  Pylon  
  114  9:13  Colossus (Chrono Boost)  
  119  9:18  Photon Cannon  
  119  9:24  Zealot x6  
  125  9:30  Stalker  
  129  9:41  Assimilator x2  
  129  9:44  Shadow Stride  
  123  9:46  Sentry x2  
  123  9:51  Disruptor (Chrono Boost)  
  123  9:52  Dark Shrine  
  123  9:56  Zealot x5  
  134  10:01  Stalker  
  118  10:10  Zealot x2  
  110  10:17  Zealot x3  
  108  10:22  Dark Templar  
  108  10:23  Disruptor (Chrono Boost)  
  108  10:24  Dark Templar  
  109  10:28  Probe x3  
  112  10:39  Protoss Ground Weapons Level 2 (Chrono Boost)  
  112  10:40  Probe  
  112  10:42  Nexus  
  107  10:53  Colossus (Chrono Boost)  
  113  11:03  Shield Battery  
  113  11:04  Sentry  
  115  11:12  Stalker x3  
  115  11:13  Stalker  
  115  11:18  Sentry  
  121  11:21  Sentry  
  123  11:29  Dark Templar  
  124  11:35  Dark Templar, Pylon  
  126  11:42  Disruptor (Chrono Boost)  
  126  11:43  Zealot x5  
  126  11:46  Probe  
  140  11:52  Pylon  
  138  11:57  Zealot  
  128  12:15  Disruptor  
  120  12:21  Zealot x8  
  133  12:24  Probe  
  133  12:27  Photon Cannon  
  132  12:49  Zealot x3  
  132  12:50  Zealot x5  
  141  12:53  Disruptor (Chrono Boost)  
  104  13:11  Zealot x3  
  104  13:12  Zealot x2  
  109  13:15  Stalker x2  
  110  13:21  Stalker  
  110  13:25  Shield Battery  
  110  13:26  Disruptor (Chrono Boost)  
  115  13:36  Dark Templar x3, Protoss Ground Weapons Level 3 (Chrono Boost)  
  121  13:51  Stalker  
  121  13:54  Disruptor (Chrono Boost)  
  121  14:06  Stalker x4  
  129  14:15  Zealot  
  127  14:21  Disruptor (Chrono Boost)  
  127  14:23  Probe  
  127  14:24  Probe x2  
  133  14:27  Stalker x3  
  139  14:45  Stalker x5  
  147  14:52  Pylon  
  146  14:56  Disruptor  
  134  15:11  Dark Templar x5  
  142  15:15  Probe x2  
  136  15:37  Stalker x3  
  136  15:43  Disruptor  
  127  15:55  Stalker x2  
  127  15:56  Probe x2  
  129  16:01  Sentry  
  109  16:25  Zealot x5  

Tags
 
Add a new tag
Caveats
  • Supply blocks, unpowered buildings, or Contaminate may cause inaccurate times.
  • Supply counts are checked every 10 seconds.